 Dungeon Crawl Stone Soup version 0.32-a0-43-g058985b245 (webtiles) character file.

Game seed: 8753632102864357073

6204 jlumianski the Grappler (level 10, 0/77 HPs)
             Began as a Gnoll Shapeshifter on Feb 3, 2024.
             Was a Believer of Wu Jian.
             Shot with an arrow by a centaur warrior (19 damage)
             ... on level 9 of the Dungeon.
             The game lasted 00:41:34 (7773 turns).

jlumianski the Grappler (Gnoll Shapeshifter)        Turns: 7773, Time: 00:41:34

Health: 0/77       AC: 28    Str: 17    XL:     10   Next: 92%
Magic:  18/18      EV: 10    Int: 11    God:    Wu Jian [**....]
Gold:   386        SH:  0    Dex: 13    Spells: 20/20 levels left

rFire   + . .        i - +2 battleaxe (elec)
rCold   . . .        (shield currently unavailable)
rNeg    . . .        I - +18 Lear's hauberk
rPois   .            (helmet currently unavailable)
rElec   .            (no cloak)
rCorr   .            (gloves currently unavailable)
SInv    .            (boots currently unavailable)
Will    .....        j - amulet of regeneration Stlth
                     Q - ring "Micveonon" {rF+ Int+2}
HPRegen 1.12/turn    w - ring of flight
MPRegen 0.16/turn

%: no passive effects
@: flying
A: fangs 1, strong nose, distributed training
a: Renounce Religion, Wall Jump


You were on level 9 of the Dungeon.
You worshipped Wu Jian.
Wu Jian was pleased with you.
You visited 2 branches of the dungeon, and saw 10 of its levels.

You collected 386 gold pieces.

Inventory:

Hand Weapons
 i - a +2 battleaxe of electrocution (weapon)
 t - a +2 short sword of speed
Missiles
 z - 10 boomerangs
 A - 34 poisoned darts (quivered)
 K - 2 throwing nets
 R - 3 darts of dispersal
Armour
 a - a +0 animal skin
 f - a +1 chain mail
 p - a +0 cloak
 y - a +2 ring mail of poison resistance
 E - an orb of mayhem
 H - a -2 helmet
 I - the +18 Lear's hauberk (worn)
   (You found it on level 6 of the Dungeon)
 J - a -2 pair of gloves
 L - a -2 pair of boots
Magical Staves
 G - a staff of death
Jewellery
 g - a ring of fire
 j - an amulet of regeneration (around neck)
 w - a ring of flight (right hand)
 D - a ring of fire
 Q - the ring "Micveonon" (left hand) {rF+ Int+2}
   (You found it on level 9 of the Dungeon)

   [ring of protection from fire]

   Int+2:     It affects your intelligence (+2).
   rF+:       It protects you from fire.
Talismans
 c - a beast talisman
 d - a flux talisman
Wands
 r - a wand of flame (2)
 C - a wand of polymorph (7)
 F - a wand of roots (4)
Scrolls
 e - a scroll of enchant armour
 m - 2 scrolls of amnesia
 n - 2 scrolls of butterflies
 o - a scroll of immolation
 s - 2 scrolls of poison
 u - 2 scrolls of blinking
 N - 3 scrolls of revelation
 O - 3 scrolls of fear
Potions
 b - 4 potions of lignification
 h - 2 potions of attraction
 k - a potion of heal wounds
 l - a potion of mutation
 q - a potion of might {unknown}
 v - a potion of enlightenment
 x - a potion of degeneration
 B - a potion of curing {unknown}
 M - a potion of magic {unknown}


   Skills:
 + Level 6.5 Fighting
 + Level 5.9 Short Blades
 + Level 5.9 Long Blades
 + Level 5.9 Axes
 + Level 5.9 Maces & Flails
 + Level 5.9 Polearms
 + Level 5.9 Staves
 + Level 5.9 Ranged Weapons
 + Level 5.9 Throwing
 + Level 5.9 Armour
 + Level 7.6 Dodging
 + Level 5.9 Stealth
 + Level 5.9 Shields
 + Level 8.9 Unarmed Combat
 + Level 5.9 Spellcasting
 + Level 4.9 Conjurations
 + Level 4.9 Hexes
 + Level 4.9 Summonings
 + Level 4.9 Necromancy
 + Level 4.9 Translocations
 + Level 4.9 Fire Magic
 + Level 4.9 Ice Magic
 + Level 4.9 Air Magic
 + Level 4.9 Earth Magic
 + Level 4.9 Alchemy
 + Level 6.5 Invocations
 + Level 5.9 Evocations
 + Level 8.6 Shapeshifting


You had 20 spell levels left.
You didn't know any spells.
Your spell library contained the following spells:

 Spells                   Type           Power      Damage    Failure   Level
 Kiss of Death            Conj/Necr      56%        2d9       22%         1
 Shock                    Conj/Air       56%        1d6       22%         1
 Ensorcelled Hibernation  Hex/Ice        28%        N/A       34%         2
 Mercury Vapours          Alch/Air       28%        N/A       34%         2
 Call Canine Familiar     Summ           14%        N/A       56%         3
 Confusing Touch          Hex            14%        N/A       56%         3
 Gell's Gravitas          Tloc           14%        N/A       56%         3
 Mephitic Cloud           Conj/Alch/Air  14%        N/A       56%         3
 Passwall                 Erth           14%        N/A       56%         3
 Sigil of Binding         Hex            14%        N/A       56%         3
 Swiftness                Air            14%        N/A       56%         3
 Teleport Other           Tloc           14%        N/A       56%         3
 Airstrike                Air            7%         2d(1-17)  92%         4
 Dimensional Bullseye     Hex/Tloc       7%         N/A       92%         4
 Dispel Undead            Necr           14%        3d10      92%         4
 Freezing Cloud           Conj/Ice/Air   7%         6-21      99%         5
 Iskenderun's Battlesphe  Conj           14%        2d7       99%         5
 Bombard                  Conj/Erth      7%         9d2       100%        6
 Dispersal                Tloc           7%         N/A       100%        6
 Spellforged Servitor     Conj/Summ      7%         N/A       100%        7


Dungeon Overview and Level Annotations

Branches:
Dungeon (9/15)             Temple (1/1) D:5
   Lair: D:8-11         Orc: D:9-12

Altars:
Ashenzari
Cheibriados
Dithmenos
Elyvilon
Fedhas
Gozag
Hepliaklqana
Kikubaaqudgha
Makhleb
Nemelex Xobeh
Okawaru
Qazlal
Ru
Sif Muna
Trog
Uskayaw
Vehumet
Wu Jian
Xom
Yredelemnul
Zin
The Shining One

Shops:
D:8 :

Annotations:
D:6 exclusion: statue


Innate Abilities, Weirdness & Mutations

You have very sharp teeth.
Your uncanny sense of smell can sniff out nearby items.
Your experience applies equally to all skills.


Message History

The centaur warrior kicks you but does no damage.
The centaur warrior hits you but does no damage.
The centaur warrior barely misses you.
Okay, then.
You feel much better.
The centaur warrior hits you but does no damage.
The centaur warrior kicks you but does no damage.
A kobold brigand comes into view.
It is wielding a +0 club and quivering curare-tipped darts.
The centaur warrior closely misses you.
The centaur warrior kicks you but does no damage.
Aiming: Wall Jump
Press: ? - help, Dir - move target A basilisk comes into view.
You attack the centaur warrior from above.
The basilisk hisses angrily.
You slash the centaur warrior!
You bite the centaur warrior, but do no damage.
The centaur warrior is almost dead.
The centaur warrior hits you with the +4 halberd of Ybluda {flame, Int+5}.
The centaur warrior burns you.
The centaur warrior kicks you but does no damage.
A centaur warrior comes into view.
The centaur warrior completely misses you.
The centaur warrior kicks you but does no damage.
The basilisk gazes at you. You resist with some effort.
The centaur warrior hits you with the +4 halberd of Ybluda {flame, Int+5}!
* * * LOW HITPOINT WARNING * * *
The centaur warrior kicks you but does no damage.
The centaur warrior moves out of view.
Blink to where?
Press: ? - help, Dir - move target
As you read the scroll of blinking, it crumbles to dust.
The centaur warrior unwields the +4 halberd of Ybluda {flame, Int+5}.
It stops flaming.
The centaur warrior wields a +0 shortbow.
The centaur warrior shoots an arrow.
The arrow hits you.
* * * LOW HITPOINT WARNING * * *
The centaur warrior shoots an arrow.
The arrow hits you!!
You die...

#.#####.............# .
#.........>......#### ##
..#.#.#.#........# .
#................# #####..
#.#.#.#.#........######......#
#..........................#
#.#.#.#.#.......######...#
#.......)..............#
#.#.#.#.#.......@.[..###
#..................###.##..
##....#............ยง....l..
###..............c###...#.
######.......#...# ...
#..k#......##..#..# . #.#
#####.###..#....# # .... ...#
#... ##.####.# #.


You could see a centaur warrior.

Vanquished Creatures
  2 centaur warriors
  A manticore (D:9)
  A kobold demonologist (D:9)
  A troll (D:6)
  A hornet (D:8)
  A shadow (D:8)
  2 wyverns (D:8)
  A wraith (D:9)
  A steam dragon (D:7)
  Menkaure (D:4)
  Edmund (D:4)
  2 water moccasins
  Duvessa (D:7)
  An orc warrior (D:8)
  2 ice beasts
  3 ogres
  2 centaurs (D:7)
  A phantom (D:5)
  2 kobold brigands (D:8)
  4 bullfrogs
  A gnoll sergeant (D:8)
  4 scorpions
  3 wights (D:8)
  Dowan (D:7)
  6 killer bees (D:8)
  3 howler monkeys
  A bombardier beetle (D:3)
  3 orc priests
  A gnoll bouda (D:6)
  2 hounds
  5 sleepcaps
  Ijyb (D:4)
  2 orc wizards (D:6)
  11 gnolls
  3 adders
  2 white imps
  2 ufetubi (D:5)
  4 dart slugs
  2 ribbon worms
  14 orcs
  8 endoplasms
  4 giant cockroaches
  11 goblins
  5 hobgoblins
  3 jackals
  17 kobolds
  2 quokkas
  4 ball pythons
  5 bats (D:1)
  A frilled lizard (D:2)
  9 rats
171 creatures vanquished.

Notes
Turn   | Place    | Note
-------+----------+-------------------------------------------
     0 | D:1      | jlumianski the Gnoll Shapeshifter began the quest for the
                  | Orb.
     0 | D:1      | Reached XP level 1. HP: 17/17 MP: 1/1
    88 | D:1      | Reached XP level 2. HP: 18/23 MP: 2/2
   310 | D:2      | Found a glowing silver altar of Zin.
   324 | D:1      | Reached XP level 3. HP: 28/28 MP: 3/3
   709 | D:1      | Reached skill level 1 in Invocations
  1043 | D:2      | Reached skill level 1 in Short Blades
  1043 | D:2      | Reached skill level 1 in Long Blades
  1043 | D:2      | Reached skill level 1 in Axes
  1043 | D:2      | Reached skill level 1 in Maces & Flails
  1043 | D:2      | Reached skill level 1 in Polearms
  1043 | D:2      | Reached skill level 1 in Staves
  1043 | D:2      | Reached skill level 1 in Ranged Weapons
  1043 | D:2      | Reached skill level 1 in Throwing
  1043 | D:2      | Reached skill level 1 in Armour
  1043 | D:2      | Reached skill level 1 in Stealth
  1043 | D:2      | Reached skill level 1 in Shields
  1043 | D:2      | Reached skill level 1 in Spellcasting
  1043 | D:2      | Reached skill level 1 in Evocations
  1147 | D:2      | Reached XP level 4. HP: 34/34 MP: 5/5
  1675 | D:3      | Found an ancient bone altar of Kikubaaqudgha.
  1940 | D:4      | Reached skill level 1 in Conjurations
  1940 | D:4      | Reached skill level 1 in Hexes
  1940 | D:4      | Reached skill level 1 in Summonings
  1940 | D:4      | Reached skill level 1 in Necromancy
  1940 | D:4      | Reached skill level 1 in Translocations
  1940 | D:4      | Reached skill level 1 in Fire Magic
  1940 | D:4      | Reached skill level 1 in Ice Magic
  1940 | D:4      | Reached skill level 1 in Air Magic
  1940 | D:4      | Reached skill level 1 in Earth Magic
  1940 | D:4      | Reached skill level 1 in Alchemy
  1975 | D:3      | Reached XP level 5. HP: 40/40 MP: 7/7
  2320 | D:5      | Entered Level 5 of the Dungeon
  2357 | D:5      | Noticed an ogre
  2357 | D:5      | Found a staircase to the Ecumenical Temple.
  2373 | D:5      | Found a shimmering altar of Xom.
  2392 | Temple   | Entered the Ecumenical Temple
  2522 | D:5      | Killed an ogre
  2523 | D:5      | Reached skill level 5 in Dodging
  2523 | D:5      | Reached XP level 6. HP: 13/47 MP: 7/9
  2776 | D:4      | Noticed Edmund
  2792 | D:4      | Killed Edmund
  2797 | D:4      | Reached XP level 7. HP: 34/50 MP: 10/10
  2994 | D:4      | Found a bloodstained altar of Trog.
  2994 | D:4      | Found a white marble altar of Elyvilon.
  2995 | D:4      | Found a snail-covered altar of Cheibriados.
  3010 | D:4      | Noticed Ijyb
  3024 | D:4      | Killed Ijyb
  3059 | D:4      | Noticed Menkaure
  3064 | D:4      | Killed Menkaure
  3451 | D:5      | Reached XP level 8. HP: 60/60 MP: 12/12
  3488 | D:5      | Found a glowing silver altar of Zin.
  4099 | D:6      | Noticed a troll
  4124 | D:6      | Killed a troll
  4168 | D:6      | Found the +18 Lear's hauberk
  4229 | D:6      | Found an ornate altar of the Wu Jian Council.
  4232 | D:6      | Found a broken altar of Ashenzari.
  4234 | D:6      | Found an iron altar of Okawaru.
  4238 | D:6      | Became a worshipper of the Wu Jian Council
  4336 | D:7      | Noticed Dowan
  4341 | D:7      | Noticed Duvessa
  4411 | D:7      | Killed Duvessa
  4412 | D:7      | Reached XP level 9. HP: 57/66 MP: 14/14
  4433 | D:7      | Killed Dowan
  4733 | D:7      | Reached * piety under Wu Jian
  4996 | D:7      | Reached skill level 5 in Fighting
  5566 | D:6      | Found a shadowy altar of Dithmenos.
  5746 | D:6      | Found a radiant altar of Vehumet.
  6126 | D:7      | Reached skill level 5 in Invocations
  6207 | D:9      | Identified the ring "Micveonon" {rF+ Int+2}
  6436 | D:8      | Reached skill level 5 in Short Blades
  6436 | D:8      | Reached skill level 5 in Long Blades
  6436 | D:8      | Reached skill level 5 in Axes
  6436 | D:8      | Reached skill level 5 in Maces & Flails
  6436 | D:8      | Reached skill level 5 in Polearms
  6436 | D:8      | Reached skill level 5 in Staves
  6436 | D:8      | Reached skill level 5 in Ranged Weapons
  6436 | D:8      | Reached skill level 5 in Throwing
  6436 | D:8      | Reached skill level 5 in Armour
  6436 | D:8      | Reached skill level 5 in Stealth
  6436 | D:8      | Reached skill level 5 in Shields
  6436 | D:8      | Reached skill level 5 in Spellcasting
  6436 | D:8      | Reached skill level 5 in Evocations
  6436 | D:8      | Reached XP level 10. HP: 72/76 MP: 17/17
  6461 | D:8      | Reached ** piety under Wu Jian
  6550 | D:8      | Paralysed by a hornet for 2 turns
  6622 | D:8      | Noticed a centaur warrior
  6639 | D:8      | Killed a centaur warrior
  6723 | D:8      | Found a hazy altar of Hepliaklqana.
  6812 | D:8      | Found a stormy altar of Qazlal.
  6866 | D:8      | Found Rafoyz's Self-Improvement Boutique.
  7576 | D:9      | Noticed a manticore
  7593 | D:9      | Killed a manticore
  7600 | D:9      | Noticed a centaur warrior
  7610 | D:9      | Killed a centaur warrior
  7646 | D:9      | Noticed a kobold demonologist
  7658 | D:9      | Noticed a smoke demon
  7665 | D:9      | Identified the +4 halberd of Ybluda {flame, Int+5}
  7665 | D:9      | Noticed a centaur warrior
  7666 | D:9      | Killed a kobold demonologist
  7771 | D:9      | Noticed a centaur warrior
  7773 | D:9      | Shot with an arrow by a centaur warrior

Illustrated notes

Levels and vault maps discovered:
D:1:      dpeg_arrival_refuge, layout_basic, serial_park_tiny_pond,
          minmay_small_reverse_x
D:2:      minmay_angry_zag, layout_loops_ring, basic_altar, serial_park_tiny_2
D:3:      layout_loops_ring, kiku_gazebo_pond_becter, minmay_misc_feat_square,
          minmay_misc_feat_pillars
D:4:      layout_loops_corners, gammafunk_temple_overflow_claw, uniq_ijyb,
          uniq_menkaure, uniq_edmund
D:5:      layout_rooms, mainiacjoe_overflow_tiny_flanked, old_standard_altar,
          minmay_temple_entry_statues_fountains, grunt_decor_clamped,
          dk_noncrumbling_3
D:6:      layout_basic, vehumet_statue, nicolae_overflow_quartered_altars,
          hellmonk_guarded_unrand_lears
D:7:      layout_basic, enter_bailey_5, uniq_duvessa
D:8:      layout_loops_corners, lemuel_doored_altar,
          mainiacjoe_overflow_six_doors_small, nicolae_shop_self_help
D:9:      minmay_the_grid_triangle_9x9_rhombus_thin
          [minmay_the_grid_triangle_9x9_corrupted_corridor,
          minmay_the_grid_triangle_9x9_prize_insulated,
          minmay_the_grid_triangle_9x9_limited_checkers,
          minmay_the_grid_triangle_9x9_swiss_cheese], layout_rooms,
          serial_co_window_serial, co_window_paths_b, co_window_paths_a,
          co_window_cross_1, co_window_paths_a, co_window_paths_a,
          co_window_of_opportunity_a, co_window_corner_a, co_window_2corner,
          co_window_unsneaky_path_a, co_window_2corner, co_window_paths_c,
          co_window_corner_b, co_window_unsneaky_path_b, co_window_paths_d,
          glass_columns_c, minmay_misc_feat_columns
Temple:   kb_temple_of_zot

Skill      XL: |  1  2  3  4  5  6  7  8  9 10 |
---------------+-------------------------------+-----
Invocations    | 1 2 3 4 5 6 |  6.5
Short Blades   | 1 2 3 5 |  5.9
Long Blades    | 1 2 3 5 |  5.9
Axes           | 1 2 3 5 |  5.9
Maces & Flails | 1 2 3 5 |  5.9
Polearms       | 1 2 3 5 |  5.9
Staves         | 1 2 3 5 |  5.9
Ranged Weapons | 1 2 3 5 |  5.9
Throwing       | 1 2 3 5 |  5.9
Armour         | 1 2 3 5 |  5.9
Stealth        | 1 2 3 5 |  5.9
Shields        | 1 2 3 5 |  5.9
Spellcasting   | 1 2 3 5 |  5.9
Evocations     | 1 2 3 5 |  5.9
Conjurations   | 1 2 3 4 |  4.9
Hexes          | 1 2 3 4 |  4.9
Summonings     | 1 2 3 4 |  4.9
Necromancy     | 1 2 3 4 |  4.9
Translocations | 1 2 3 4 |  4.9
Fire Magic     | 1 2 3 4 |  4.9
Ice Magic      | 1 2 3 4 |  4.9
Air Magic      | 1 2 3 4 |  4.9
Earth Magic    | 1 2 3 4 |  4.9
Alchemy        | 1 2 3 4 |  4.9
Fighting       | 3 4 5 6 |  6.5
Dodging        | 5 6 7 |  7.6
Unarmed Combat | 7 8 |  8.9
Shapeshifting  | 7 8 |  8.6

Action                     |  1- 3 |  4- 6 |  7- 9 | 10-12 || total
---------------------------+-------+-------+-------+-------++-------
  Melee: Unarmed           |    78 |    72 |   365 |   142 ||   657
         Bite              |     6 |     9 |    40 |    30 ||    85
         Punch             |     1 |     2 |    20 |     9 ||    32
         Battleaxe         |       |       |       |    57 ||    57
  Throw: Dart              |       |       |    26 |     2 ||    28
Ability: Lunge             |       |       |    18 |     7 ||    25
         Whirlwind         |       |       |     7 |    16 ||    23
         Wall Jump         |       |       |       |    19 ||    19
  Evoke: Wand              |       |     3 |     1 |       ||     4
    Use: Potion            |     1 |       |       |     5 ||     6
         Scroll            |     1 |       |     8 |     4 ||    13
 Armour: Chain mail        |    32 |    55 |   286 |   261 ||   634
         Animal skin       |     1 |       |       |       ||     1
         Skin              |       |       |     1 |       ||     1
  Dodge: Dodged            |    31 |    24 |   160 |   113 ||   328
         Form:             |       |       |     1 |       ||     1
         Flux              |       |       |     1 |       ||     1

Table legend: (Time is in decaauts)
 A = Elapsed time spent in this place.
 B = Non-inter-level travel time spent in this place.
 C = Inter-level travel time spent in this place.
 D = Time resting spent in this place.
 E = Time spent auto-exploring this place.
 F = Levels seen in this place.
 G = Mean time per level.
                   A        B        C        D        E       F      G
               +--------+--------+--------+--------+--------+-----+--------+
         Total |   7759 |   7622 |    137 |    251 |   4235 |  10 |  775.9 |
       Dungeon |   7636 |   7499 |    137 |    235 |   4235 |   9 |  848.4 |
        Temple |    123 |    123 |      0 |     16 |      0 |   1 |  123.0 |
               +--------+--------+--------+--------+--------+-----+--------+

Top non-repeatable levels by time:
     D:8: 1365 daAuts
     D:7: 1342 daAuts
     D:1: 867 daAuts
     D:6: 815 daAuts
     D:5: 809 daAuts
     D:4: 751 daAuts
     D:3: 698 daAuts
     D:2: 656 daAuts
     D:9: 330 daAuts
  Temple: 123 daAuts
